 Dungeon Crawl Stone Soup version 0.26.1-11-gd32895ea62 (webtiles) character file.

Game seed: 11050183356802884499

98 raph the Chiller (level 4, -2/24 HPs)
             Began as a Deep Elf Ice Elementalist on Apr 28, 2021.
             Killed by divine providence
             ... invoked by an orc priest
              (13 damage)
             ... on level 3 of the Dungeon.
             The game lasted 00:03:41 (2142 turns).

raph the Chiller (Deep Elf Ice Elementalist)        Turns: 2142, Time: 00:03:42

Health: -2/24      AC:  7    Str:  5    XL:     4   Next: 43%
Magic:  3/10       EV: 13    Int: 21    God:
Gold:   95         SH:  0    Dex: 15    Spells: 2/9 levels left

rFire    . . .     SeeInvis .   q - +0 rapier (curse)
rCold    + . .     Faith    .   (no shield)
rNeg     . . .     Spirit   .   t - +2 animal skin
rPois    .         Reflect  .   s - +0 helmet
rElec    .         Harm     .   (no cloak)
rCorr    .         Rampage  .   r - +1 pair of gloves
Will     .....                  (no boots)
Stlth    ++........             i - amulet of regeneration
HPRegen  0.48/turn              k - ring of protection from cold
MPRegen  0.12/turn              (no ring)

@: frozen ramparts
A: no striking features
a: no special abilities


You were on level 3 of the Dungeon.
You visited 1 branch of the dungeon, and saw 3 of its levels.

You collected 95 gold pieces.

Inventory:

Hand Weapons
 m - a +0 dagger
 q - a cursed +0 rapier (weapon)
Armour
 a - a +0 robe
 r - a +1 pair of gloves (worn)
 s - a +0 helmet (worn)
 t - a +2 animal skin (worn)
Jewellery
 i - an amulet of regeneration (around neck)
 k - a ring of protection from cold (left hand)
Scrolls
 b - 2 scrolls of fear {unknown}
 d - a scroll of enchant armour {unknown}
 h - a scroll of identify {unknown}
 j - 2 scrolls of teleportation {unknown}
 l - 3 scrolls of enchant weapon {unknown}
 n - a scroll of magic mapping {unknown}
 o - a scroll of blinking {unknown}
Potions
 c - 9 potions of curing {unknown}
 e - 2 potions of haste {unknown}
 f - a potion of might {unknown}
 g - a potion of brilliance {unknown}
 p - a potion of magic {unknown}


   Skills:
 - Level 2.4 Dodging
 - Level 2.4 Stealth
 - Level 3.0 Spellcasting
 + Level 6.5 Ice Magic


You had 2 spell levels left.
You knew the following spells:

 Your Spells              Type           Power        Failure   Level
a - Freeze                Ice            100%         1%          1
b - Frozen Ramparts       Ice            60%          2%          3
c - Ozocubu's Armour      Ice            30%          2%          3

Your spell library contained the following spells:

 Spells                   Type           Power        Failure   Level
 Hailstorm                Conj/Ice       16%          34%         4
 Summon Ice Beast         Ice/Summ       16%          34%         4


Dungeon Overview and Level Annotations

Branches:
Dungeon (3/15)

Altars:
Ru


Message History

The orc priest calls down the wrath of Beogh upon you.
Beogh smites you!
Ouch! That really hurt!
The wall freezes the orc.
You kill the orc!
The frozen ramparts melt away.
Casting: Frozen Ramparts (dangerous; 2% risk of failure)
Confirm with . or Enter, or press ? or * to list all spells.
Casting: Frozen Ramparts (dangerous; 2% risk of failure)
Press: ? - help, Dir - look around, f - activate The walls around you are covered in ice.
The wall freezes the orc priest.
Unknown command.
You hit the orc priest.
The orc priest is heavily wounded.
The wall freezes the orc priest.
The orc priest calls down the wrath of Beogh upon you.
Beogh smites you!
Ouch! That really hurt!
You die...

.# .. #... .# # #.#.
.# .. #.#. .###...
####.#. ..(....
#....#.###.......
##....#...@o.#
#.....#...).###.
#.#.#.##.##.....#
#.#..........##.#
#.....#.###....###.#
#.....#...###### .#
#.....###.# .#
#.....# #.# .#
#.....# #.#


You could see an orc priest.

Vanquished Creatures
  An orc wizard (D:3)
  Robin (D:2)
  An adder (D:2)
  A dart slug (D:2)
  A leopard gecko (D:1)
  An orc (D:3)
  3 bats
  A giant cockroach (D:1)
  12 goblins
  8 hobgoblins
  5 kobolds
  A frilled lizard (D:2)
  5 rats
41 creatures vanquished.

Notes
Turn   | Place    | Note
-------+----------+-------------------------------------------
     0 | D:1      | raph the Deep Elf Ice Elementalist began the quest for the
                  | Orb.
     0 | D:1      | Reached XP level 1. HP: 10/10 MP: 6/6
   341 | D:1      | Reached XP level 2. HP: 15/15 MP: 6/8
   416 | D:1      | Reached skill level 5 in Ice Magic
  1325 | D:2      | Found a sacrificial altar of Ru.
  1629 | D:2      | Reached XP level 3. HP: 19/19 MP: 7/9
  1633 | D:2      | Learned a level 3 spell: Frozen Ramparts
  1637 | D:2      | Learned a level 3 spell: Ozocubu's Armour
  1676 | D:2      | Noticed Robin
  1686 | D:2      | Killed Robin
  1687 | D:2      | Reached skill level 6 in Ice Magic
  2137 | D:3      | Reached XP level 4. HP: 21/24 MP: 5/10
  2142 | D:3      | Killed from afar by an orc priest

Illustrated notes

Levels and vault maps discovered:
D:1:      amcnicky_arrival_gap_in_the_tavern_cellar, layout_basic
D:2:      layout_loops_cross, nicolae_ru_awakened_eye, uniq_robin
D:3:      layout_basic

Skill      XL: |  1  2  3 |
---------------+----------+-----
Ice Magic      | 5 6 |  6.5
Dodging        | |  2.4
Stealth        | |  2.4
Spellcasting   | |  3.0

Action                   |  1- 3 |  4- 6 || total
-------------------------+-------+-------++-------
Melee: Unarmed           |     3 |       ||     3
       Rapier            |    25 |     2 ||    27
       Dagger            |     1 |       ||     1
 Cast: Freeze            |    31 |       ||    31
       Frozen Ramparts   |     3 |     1 ||     4
       Ozocubu's Armour  |     1 |       ||     1
 Stab: Sleeping          |     2 |       ||     2
Armor: Robe              |     8 |       ||     8
       Animal skin       |     3 |       ||     3
Dodge: Dodged            |    38 |       ||    38
